 Dungeon Crawl Stone Soup version 0.29.0-13-gc9e81de378 (webtiles) character file.

Game seed: 4018811472368572593

19929 mtoz the Cleaver (level 12, -7/110 HPs)
             Began as a Minotaur Berserker on Sept 7, 2022.
             Was a Follower of Trog.
             Killed from afar by a hell hog (19 damage)
             ... with a fireball
             ... on level 3 of the Abyss.
             The game lasted 00:43:23 (10062 turns).

mtoz the Cleaver (Minotaur Berserker)              Turns: 10062, Time: 00:43:23

Health: -7/110     AC: 18    Str: 25 (26) XL:     12   Next: 40%
Magic:  11/11      EV: 11    Int:  1 (4)  God:    Trog [*.....]
Gold:   747        SH:  0    Dex: 13      Spells: 11/11 levels left

rFire   . . .      SeeInvis +   N - +3 broad axe
rCold   + . .      Faith    .   (no shield)
rNeg    . . .      Spirit   .   e - +0 plate armour
rPois   .          Reflect  .   (helmet restricted)
rElec   .          Harm     .   (no cloak)
rCorr   .          Rampage  .   (no gloves)
Will    +....      Rage     9%  c - +2 pair of boots
Stlth   ..........              n - amulet of regeneration
HPRegen 1.08/turn               E - ring of see invisible
MPRegen 0.12/turn               u - +6 ring of dexterity

@: on berserk cooldown, slowed, studying Throwing, unable to read, unable to
drink, very slow
A: horns 2, retaliatory headbutt, cold resistance 1, strong-willed 1, [berserk
2], [clumsy 2], [deterioration 2], [screaming 2], [subdued magic 2], [inability
to drink after injury 2], [inability to read after injury 2]
a: Renounce Religion, Berserk


You were on level 3 of the Abyss.
You worshipped Trog.
Trog was aware of your devotion.
You visited 2 branches of the dungeon, and saw 13 of its levels.
You visited the Abyss 2 times.

You collected 747 gold pieces.

Inventory:

Hand Weapons
 a - a +0 hand axe
 b - a +2 vorpal flail
 d - a +0 trident
 h - a +0 mace
 j - a +0 halberd
 M - a +3 spear
 N - a +3 broad axe (weapon)
 O - a +0 morningstar
Missiles
 k - a boomerang (quivered)
 l - 96 stones
 o - 24 poisoned darts
 y - 2 javelins
 A - a throwing net
 G - 3 silver boomerangs
Armour
 c - a +2 pair of boots (worn)
 e - a +0 plate armour (worn)
Jewellery
 n - an amulet of regeneration (around neck)
 p - a ring of positive energy
 u - a +6 ring of dexterity (right hand)
 v - an amulet of guardian spirit
 E - a ring of see invisible (left hand)
 H - a ring of protection from fire
 R - a ring of ice
Wands
 K - a wand of polymorph (5)
Scrolls
 f - 4 scrolls of teleportation
 i - 4 scrolls of blinking
 q - 2 scrolls of torment
 r - 3 scrolls of silence
 w - a scroll of immolation
 F - a scroll of magic mapping
 J - 2 scrolls of fear
Potions
 s - 6 potions of curing
 z - 2 potions of heal wounds
 B - a potion of ambrosia
 D - 2 potions of cancellation


   Skills:
 + Level 11.1 Fighting
 * Level 14.5 Axes
 + Level 9.0 Throwing
 + Level 10.6 Armour
 + Level 9.9 Dodging


You had 11 spell levels left.
You didn't know any spells.
Your spell library was empty.

Dungeon Overview and Level Annotations

Branches:
Dungeon (12/15)            Temple (0/1) D:4            Lair (1/5) D:10
    Orc (0/2) D:11

Altars:
Ashenzari
Cheibriados
Dithmenos
Fedhas
Gozag
Kikubaaqudgha
Nemelex Xobeh
Okawaru
Qazlal
Ru
Wu Jian
Xom
Zin
The Shining One

Annotations:
D:8 3 runed translucent doors, magipi's ghost, novice GrFi


Innate Abilities, Weirdness & Mutations

You have a pair of horns on your head.
You reflexively headbutt those who attack you in melee.
Your flesh is cold resistant. (rC+)
You are strong-willed. (Will+)
[You have an uncontrollable temper.]
[You are very clumsy. (Dex -4)]
[Your body often deteriorates upon taking damage.]
[You frequently scream uncontrollably at your foes.]
[Your spells are easier to cast, but less powerful.]
[You sometimes lose the ability to drink potions when taking damage.]
[You sometimes lose the ability to read scrolls when taking damage.]


Message History

The wretched star is moderately damaged.
You slash the hell hog!
A hell hog comes into view.
You scream at the hell hog!
The hell hog bites you but does no damage.
The wretched star glows turbulently.
The lance of force hits you!
You are knocked back by the lance of force.
You slam into the stone wall!
The hell hog bites you but does no damage.
The wretched star pulses with an eldritch light!
You occasionally lose the ability to drink potions when taking damage.
You lose the ability to drink potions when taking damage more often.
A hell hog comes into view.
The hell hog squeals angrily. x2; You hear a bark!
You hear a trumpeting!
You slash the wretched star!
The wretched star is heavily damaged.
You barely miss the hell hog.
The hell hog bites you but does no damage.
The wretched star glows turbulently.
The lance of force hits you!!
You feel threatened and lose the ability to drink potions!
* * * LOW HITPOINT WARNING * * *
You are knocked back by the lance of force.
You slam into the stone wall!
* * * LOW HITPOINT WARNING * * *
The hell hog bites you!
* * * LOW HITPOINT WARNING * * *
You cannot read scrolls in your current state!
You cannot read scrolls in your current state!
You cannot drink potions in your current state!
Okay, then.
You closely miss the wretched star. You headbutt the wretched star.
The wretched star is heavily damaged.
You closely miss the hell hog. The hell hog bites you.
* * * LOW HITPOINT WARNING * * *
The hell hog breathes fire at you.
The fireball explodes!
The fireball engulfs the hell hog.
The hell hog completely resists.
The fireball engulfs you!!
You die...

... ##. ##..
..### #...
#.#.. . ...#
...# ..
.#..##..###..#.
#..#..#.#..#
#....#.hh.#
#....h.#.# ##.
.#*@#.##
#.....#...#
#...####...#.#
#.### #...#.# .
#...# # #...#
...# #...#
#..#.


You could see a wretched star and 3 hell hogs.

Vanquished Creatures
  A tentacled starspawn (Abyss:3)
  2 two-headed ogres
  3 thrashing horrors (Abyss:2)
  A skeletal warrior (D:11)
  A wretched star (Abyss:3)
  3 large abominations
  2 wizards (D:12)
  A cyclops (D:11)
  2 worldbinders (Abyss:2)
  A manticore (D:11)
  4 elephants (D:10)
  Joseph (D:9)
  2 smoke demons (Abyss:2)
  A demonic crawler (D:10)
  A harpy zombie (Abyss:2)
  2 trolls
  A hornet (D:11)
  4 raiju (Abyss:2)
  Prince Ribbit (D:8)
  Sigmund (D:3)
  A shadow (D:10)
  21 yaks
  Grum (D:11)
  2 small abominations (Abyss:2)
  A wraith (D:11)
  A golden eye (Abyss:3)
  2 steam dragons
  A swamp worm (D:10)
  An acid dragon (D:10)
  2 orc warriors
  2 ice beasts (D:6)
  A sky beast (D:6)
  An ogre (D:4)
  4 centaurs
  A phantom (D:4)
  2 wolves (D:11)
  3 kobold brigands
  2 bullfrogs (D:6)
  A scorpion (D:6)
  3 gnoll sergeants
  A necrophage (D:8)
  4 killer bees
  2 hounds
  A jelly (D:6)
  4 gnoll boudas
  3 orc priests
  An iron imp (D:8)
  3 iguanas
  8 orc wizards
  27 gnolls
  7 adders
  A white imp (D:6)
  2 ufetubi
  3 dart slugs
  17 orcs
  7 ball pythons
  3 endoplasms
  3 giant cockroaches
  5 goblins
  2 hobgoblins
  13 jackals
  5 quokkas
  8 bats
  8 frilled lizards
  24 kobolds
  4 rats
  A lurking horror (Abyss:3)
255 creatures vanquished.

Vanquished Creatures (others)
  9 plants (D:10)
9 creatures vanquished.

Grand Total: 264 creatures vanquished

Notes
Turn   | Place    | Note
-------+----------+-------------------------------------------
     0 | D:1      | mtoz the Minotaur Berserker began the quest for the Orb.
     0 | D:1      | Reached XP level 1. HP: 19/19 MP: 0/0
   295 | D:1      | Reached XP level 2. HP: 22/27 MP: 1/1
   508 | D:1      | Reached skill level 4 in Axes
   711 | D:1      | Reached ** piety under Trog
   722 | D:1      | Reached XP level 3. HP: 33/33 MP: 2/2
  1214 | D:2      | Reached XP level 4. HP: 41/41 MP: 3/3
  1514 | D:3      | Found a sacrificial altar of Ru.
  1582 | D:3      | Reached XP level 5. HP: 47/47 MP: 4/4
  1621 | D:3      | Noticed Sigmund
  1630 | D:3      | Killed Sigmund
  1631 | D:3      | Reached skill level 5 in Fighting
  1631 | D:3      | Reached skill level 5 in Axes
  1631 | D:3      | Reached XP level 6. HP: 56/56 MP: 5/5
  2014 | D:4      | Found a staircase to the Ecumenical Temple.
  2455 | D:4      | Reached skill level 1 in Throwing
  2884 | D:5      | Entered Level 5 of the Dungeon
  2919 | D:5      | Reached XP level 7. HP: 61/61 MP: 6/6
  3018 | D:5      | Reached skill level 6 in Axes
  3043 | D:5      | Found a glowing silver altar of Zin.
  3058 | D:5      | Reached *** piety under Trog
  3403 | D:5      | Found a blossoming altar of Fedhas.
  3509 | D:6      | Reached skill level 5 in Armour
  3638 | D:6      | Reached skill level 5 in Dodging
  3650 | D:6      | Reached skill level 7 in Axes
  3653 | D:6      | Reached XP level 8. HP: 70/70 MP: 7/7
  3705 | D:6      | Found a glowing golden altar of the Shining One.
  3959 | D:6      | Found an opulent altar of Gozag.
  4115 | D:6      | Found an ancient bone altar of Kikubaaqudgha.
  4997 | D:6      | Reached skill level 8 in Axes
  5110 | D:7      | Reached XP level 9. HP: 76/79 MP: 8/8
  5199 | D:7      | Found an iron altar of Okawaru.
  5208 | D:7      | Reached skill level 9 in Axes
  5408 | D:7      | Found an ornate altar of the Wu Jian Council.
  5507 | D:7      | Found a sparkling altar of Nemelex Xobeh.
  5802 | D:8      | Found a stormy altar of Qazlal.
  5920 | D:8      | Found a runed translucent gate.
  5920 | D:8      | Found a runed translucent gate.
  5921 | D:8      | Found a runed translucent gate.
  5936 | D:8      | Noticed a spectral unseen horror
  6182 | D:8      | Noticed Prince Ribbit
  6189 | D:8      | Killed Prince Ribbit
  6459 | D:8      | Found a snail-covered altar of Cheibriados.
  6572 | D:8      | Noticed magipi's ghost (novice GrFi)
  6656 | D:9      | Reached skill level 10 in Axes
  6741 | D:9      | Noticed a two-headed ogre
  6749 | D:9      | Killed a two-headed ogre
  6750 | D:9      | Reached skill level 5 in Throwing
  6799 | D:9      | Reached XP level 10. HP: 88/88 MP: 9/9
  6809 | D:9      | Noticed Joseph
  6840 | D:9      | Killed Joseph
  6901 | D:9      | Found a shadowy altar of Dithmenos.
  6964 | D:9      | Found a shimmering altar of Xom.
  6964 | D:9      | Found a shimmering altar of Xom.
  6965 | D:9      | Found a shimmering altar of Xom.
  6973 | D:9      | Found a shimmering altar of Xom.
  7007 | D:9      | Found a shimmering altar of Xom.
  7156 | D:9      | Reached skill level 11 in Axes
  7309 | D:10     | Entered Level 10 of the Dungeon
  7379 | D:10     | Found a broken altar of Ashenzari.
  7468 | D:10     | Noticed an elephant
  7479 | D:10     | Killed an elephant
  7552 | D:10     | Noticed an elephant
  7568 | D:10     | Killed an elephant
  7653 | D:10     | Noticed an elephant
  7670 | D:10     | Killed an elephant
  7693 | D:10     | Noticed an elephant
  7712 | D:10     | Killed an elephant
  7713 | D:10     | Reached skill level 12 in Axes
  7843 | D:10     | Reached XP level 11. HP: 93/97 MP: 10/10
  8237 | D:10     | Found a staircase to the Lair.
  8392 | Lair:1   | Entered Level 1 of the Lair of Beasts
  8671 | D:11     | Noticed a skeletal warrior
  8690 | D:11     | Killed a skeletal warrior
  8837 | D:11     | Reached skill level 10 in Fighting
  8952 | D:11     | Noticed Grum
  8957 | D:11     | Noticed a two-headed ogre
  8958 | D:11     | Found a staircase to the Orcish Mines.
  8961 | D:11     | Killed Grum
  8967 | D:11     | Killed a two-headed ogre
  8968 | D:11     | Reached skill level 13 in Axes
  9357 | D:12     | Noticed a wizard
  9357 | Abyss:2  | Cast into level 2 of the Abyss (a wizard)
  9359 | Abyss:2  | Gained mutation: Your flesh is cold resistant. (rC+)
                  | [potion of mutation]
  9359 | Abyss:2  | Gained mutation: You are strong-willed. (Will+) [potion of
                  | mutation]
  9369 | Abyss:2  | Identified a scroll of acquirement
  9369 | Abyss:2  | Acquired a manual of Throwing
  9463 | Abyss:2  | Noticed a large abomination
  9472 | Abyss:2  | Killed a large abomination
  9512 | Abyss:2  | Reached skill level 10 in Armour
  9526 | Abyss:2  | Noticed a deep elf zephyrmancer
  9527 | Abyss:2  | Noticed a deep elf knight
  9527 | Abyss:2  | Noticed a deep elf pyromancer
  9533 | Abyss:2  | Noticed a fire crab
  9541 | Abyss:2  | Noticed a wretched star
  9542 | Abyss:2  | HP: 2/101 [fire crab (shapeshifter) (12)]
  9602 | Abyss:2  | Found a corrupted altar of Lugonu.
  9669 | Abyss:2  | Noticed a thrashing horror
  9671 | Abyss:2  | Noticed a thrashing horror
  9677 | Abyss:2  | Killed a thrashing horror
  9678 | Abyss:2  | Reached XP level 12. HP: 108/108 MP: 11/11
  9689 | Abyss:2  | Reached skill level 14 in Axes
  9776 | D:12     | Escaped the Abyss
  9902 | Abyss:3  | Cast into level 3 of the Abyss (a wizard)
  9948 | Abyss:3  | Noticed a tentacled starspawn
  9953 | Abyss:3  | Killed a tentacled starspawn
 10056 | Abyss:3  | Noticed a hell hog
 10060 | Abyss:3  | Noticed a hell hog
 10060 | Abyss:3  | Noticed a hell hog
 10062 | Abyss:3  | Killed from afar by a hell hog

Illustrated notes

Levels and vault maps discovered:
D:1:      tarquinn_simple_flora_water_e, layout_loops_ring
D:2:      layout_rooms
D:3:      layout_rooms, nicolae_ru_awakened_eye, grunt_decor_resistance,
          uniq_sigmund
D:4:      layout_layer_cave, minmay_temple_entry_statues_fountains
D:5:      layout_cave_pools, mainiacjoe_overflow_catwalk, kennysheep_mini_moat
D:6:      layout_basic, nicolae_gozag_cash_rules_everything_around_me,
          general_overflow_altar, nicolae_tso_carved_into_rock,
          lemuel_another_geyser
D:7:      cheibrodos_quashed, layout_gridville, old_standard_altar,
          nemelex_diamond_rough_becter, kennysheep_mini,
          nicolae_concentric_dashed_squares_wild, kennysheep_generic_room_15
D:8:      layout_loops_ring, slow_altar_1, mainiacjoe_overflow_paths,
          gammafunk_ghost_necromancy, uniq_prince_ribbit1
D:9:      layout_rooms, xom_shifter_show, mainiacjoe_overflow_boulevard,
          uniq_joseph
D:10:     wad_woods_tower, layout_irregular_city, evilmike_ruin_ashenzari,
          lair_entry_dummy, worms_lemuel
D:11:     minmay_general_purpose_star, layout_loops_ring, orc_0_dummy, uniq_grum
D:12:     minmay_smoke_and_mirrors, layout_stronghold
Lair:1:   layout_regular_city, gammafunk_ghost_abyssal_escape
Abyss:3:  base: D:14, spicy_abyss_unhelpful_harpoons

Skill      XL: |  1  2  3  4  5  6  7  8  9 10 11 12 |
---------------+-------------------------------------+-----
Axes           | 4 5 7 8 10 12 13 14 | 14.5
Fighting       | 4 5 6 7 8 9 10 11 | 11.1
Armour         | 3 4 5 6 7 8 10 | 10.6
Dodging        | 3 4 5 6 7 8 9 |  9.9
Throwing       | 1 2 3 5 6 7 9 |  9.0

Action                   |  1- 3 |  4- 6 |  7- 9 | 10-12 || total
-------------------------+-------+-------+-------+-------++-------
Melee: Hand axe          |    85 |   100 |   310 |   246 ||   741
       Headbutt          |    13 |    17 |    73 |   109 ||   212
       Punch             |       |       |     4 |     4 ||     8
       Broad axe         |       |       |       |   125 ||   125
Throw: Boomerang         |       |       |    10 |    72 ||    82
Invok: Trog's Hand       |       |     3 |    18 |    10 ||    31
       Berserk           |       |     2 |     9 |    16 ||    27
  Use: Potion            |       |       |     9 |     5 ||    14
       Scroll            |       |       |     5 |    15 ||    20
Armor: Plate armour      |    64 |    49 |   191 |   159 ||   463
       Animal skin       |     2 |       |       |       ||     2
       Skin              |       |       |       |     5 ||     5
Dodge: Dodged            |    55 |    37 |   160 |   171 ||   423
